[ AOE2 MATCH · #459797954 ]
UnrankedMapuche vs Aztecs
[ REPLAY ANALYSIS · EXTRACTED FROM THE RECORDED GAME ]
Feudal
10:31
Castle
15:01
Imperial
37:39
| APM avg | 56.6 |
| APM peak | 94 |
| eAPM avg | 19.5 |
| Villagers / military | 113 / 194 |
Focus
⚔️ 26.5% · 🌾 73.5%
Bolas Rider ×193 · Fishing Ship ×4 · Trebuchet (Packed) ×1
Feudal
8:26
Castle
21:18
Imperial
39:50
| APM avg | 61.3 |
| APM peak | 95 |
| eAPM avg | 22.4 |
| Villagers / military | 122 / 161 |
Focus
⚔️ 41.4% · 🌾 58.6%
Archer ×154 · Battering Ram ×7
Feudal
10:56
Castle
14:51
Imperial
37:11
| APM avg | 52.2 |
| APM peak | 82 |
| eAPM avg | 30.7 |
| Villagers / military | 211 / 178 |
Focus
⚔️ 36.7% · 🌾 63.3%
Steppe Lancer ×43 · Camel Scout ×41 · Kipchak ×37 · Galley ×19 · Scout Cavalry ×19 · Unknown (2626) ×11
Feudal
10:59
Castle
14:34
Imperial
30:37
| APM avg | 44.4 |
| APM peak | 81 |
| eAPM avg | 19.3 |
| Villagers / military | 154 / 127 |
Focus
⚔️ 30.4% · 🌾 69.6%
Camel Scout ×96 · Galley ×14 · Scout Cavalry ×11 · Unknown (2626) ×11 · Trade Cart ×5 · Fishing Ship ×5
Feudal
10:23
Castle
26:00
Imperial
—
| APM avg | 46.6 |
| APM peak | 99 |
| eAPM avg | 17.7 |
| Villagers / military | 118 / 153 |
Focus
⚔️ 30.7% · 🌾 69.3%
Knight ×124 · Scout Cavalry ×28 · Militia ×1
Feudal
9:20
Castle
22:09
Imperial
—
| APM avg | 71.2 |
| APM peak | 135 |
| eAPM avg | 30.8 |
| Villagers / military | 152 / 224 |
Focus
⚔️ 21.9% · 🌾 78.1%
Camel Scout ×135 · Knight ×77 · Scout Cavalry ×12
Feudal
11:44
Castle
27:21
Imperial
—
| APM avg | 34.9 |
| APM peak | 74 |
| eAPM avg | 17.7 |
| Villagers / military | 86 / 29 |
Focus
⚔️ 17.6% · 🌾 82.4%
Archer ×19 · Unknown (2550) ×9 · Skirmisher ×8 · Spearman ×2
Feudal
9:52
Castle
22:50
Imperial
40:26
| APM avg | 49.6 |
| APM peak | 86 |
| eAPM avg | 23.4 |
| Villagers / military | 196 / 13 |
Focus
⚔️ 35.0% · 🌾 65.0%
Unknown (1949) ×71 · Unknown (1944) ×30 · Scout Cavalry ×13 · Unknown (1942) ×4
Match map
Initial resources + every placement click. Lines = walls · curves = elevation contours. ◆ gold · ⬟ stone · ● berries · ✦ relic · ◌ wall gap
Your base· Open — unwalled flank
AgentP_97's base· Open — unwalled flank
Torpedo's base· Open — unwalled flank
Valar's base· Open — unwalled flank
DaKrankVieh's base· Open — unwalled flank
Hades's base· Open — unwalled flank
holagame's base· Open — unwalled flank
MrWrong's base· Open — 5t gap
Smoothed initial terrain · ◌ = detected wall gap · hover for details
Inputs per minute
— Zzzzzz - - AgentP_97
Build order — Zzzzzz
First 150 of 321 actions detected
| 0:02 | Queue | Villager (Male) |
| 0:03 | Build | House |
| 0:05 | Build | House |
| 0:10 | Queue | Villager (Male) |
| 0:10 | Queue | Villager (Male) |
| 0:21 | Queue | Villager (Male) |
| 0:21 | Queue | Villager (Male) |
| 1:26 | Queue | Villager (Male) |
| 2:07 | Build | Settlement |
| 2:13 | Queue | Villager (Male) |
| 2:30 | Queue | Villager (Male) |
| 2:32 | Queue | Villager (Male) |
| 3:09 | Queue | Villager (Male) |
| 3:48 | Queue | Villager (Male) |
| 3:48 | Queue | Villager (Male) |
| 3:49 | Queue | Villager (Male) |
| 4:36 | Queue | Villager (Male) |
| 4:37 | Queue | Villager (Male) |
| 5:03 | Queue | Villager (Male) |
| 5:04 | Queue | Villager (Male) |
| 5:07 | Queue | Villager (Male) |
| 5:53 | Queue | Villager (Male) |
| 6:09 | Build | Dock |
| 6:14 | Build | House |
| 6:33 | Queue | Villager (Male) |
| 6:33 | Queue | Villager (Male) |
| 7:15 | Queue | Fishing Ship |
| 7:33 | Queue | Villager (Male) |
| 7:34 | Queue | Villager (Male) |
| 7:52 | Queue | Fishing Ship |
| 8:15 | Build | House |
| 8:21 | Research | Feudal Age |
| 8:35 | Build | Settlement |
| 8:43 | Queue | Fishing Ship |
| 9:24 | Build | Settlement |
| 10:31 | Age | Feudal Age |
| 10:31 | Build | Barracks |
| 10:33 | Queue | Villager (Male) |
| 10:38 | Queue | Villager (Male) |
| 10:57 | Build | Blacksmith |
| 11:26 | Queue | Villager (Male) |
| 11:39 | Build | Archery Range |
| 11:55 | Queue | Villager (Male) |
| 12:21 | Research | Castle Age |
| 12:22 | Research | Castle Age |
| 12:36 | Queue | Fishing Ship |
| 12:38 | Research | Double-Bit Axe |
| 13:18 | Build | Archery Range |
| 14:01 | Research | Fletching |
| 14:01 | Research | Fletching |
| 14:07 | Research | Horse Collar |
| 14:07 | Research | Horse Collar |
| 14:17 | Build | Farm |
| 14:18 | Build | Farm |
| 14:19 | Build | Farm |
| 14:19 | Build | Farm |
| 14:22 | Build | House |
| 14:30 | Build | House |
| 14:35 | Build | House |
| 15:01 | Age | Castle Age |
| 15:02 | Build | Palisade Wall |
| 15:06 | Queue | Bolas Rider |
| 15:06 | Queue | Bolas Rider |
| 15:07 | Queue | Bolas Rider |
| 15:07 | Queue | Bolas Rider |
| 15:07 | Queue | Bolas Rider |
| 15:12 | Queue | Bolas Rider |
| 15:17 | Queue | Villager (Male) |
| 15:17 | Queue | Villager (Male) |
| 15:23 | Research | Bow Saw |
| 15:43 | Queue | Bolas Rider |
| 15:43 | Queue | Bolas Rider |
| 16:06 | Queue | Bolas Rider |
| 16:07 | Queue | Villager (Male) |
| 16:08 | Research | Bodkin Arrow |
| 16:09 | Research | Bodkin Arrow |
| 16:36 | Queue | Bolas Rider |
| 16:37 | Queue | Villager (Male) |
| 16:39 | Build | Farm |
| 16:40 | Build | Farm |
| 16:48 | Build | Farm |
| 16:49 | Build | Farm |
| 17:47 | Queue | Bolas Rider |
| 17:47 | Queue | Bolas Rider |
| 17:47 | Queue | Bolas Rider |
| 17:48 | Queue | Bolas Rider |
| 17:48 | Queue | Villager (Male) |
| 18:25 | Research | Padded Archer Armor |
| 18:25 | Research | Padded Archer Armor |
| 18:51 | Queue | Bolas Rider |
| 18:52 | Queue | Bolas Rider |
| 18:59 | Queue | Villager (Male) |
| 19:01 | Build | Farm |
| 19:01 | Queue | Villager (Male) |
| 19:07 | Build | Town Center |
| 19:42 | Queue | Bolas Rider |
| 19:42 | Queue | Bolas Rider |
| 19:42 | Queue | Bolas Rider |
| 20:05 | Queue | Villager (Male) |
| 20:35 | Queue | Villager (Male) |
| 20:37 | Queue | Bolas Rider |
| 20:37 | Queue | Bolas Rider |
| 20:37 | Queue | Bolas Rider |
| 20:38 | Queue | Villager (Male) |
| 21:34 | Queue | Bolas Rider |
| 21:35 | Queue | Bolas Rider |
| 21:35 | Queue | Bolas Rider |
| 21:35 | Queue | Bolas Rider |
| 21:36 | Queue | Villager (Male) |
| 21:38 | Queue | Villager (Male) |
| 21:43 | Build | Town Center |
| 21:45 | Queue | Villager (Male) |
| 21:46 | Queue | Villager (Male) |
| 21:47 | Queue | Villager (Male) |
| 21:47 | Queue | Villager (Male) |
| 21:48 | Queue | Villager (Male) |
| 21:48 | Queue | Villager (Male) |
| 21:50 | Research | Wheelbarrow |
| 21:53 | Research | Heavy Plow |
| 22:08 | Queue | Villager (Male) |
| 22:10 | Queue | Villager (Male) |
| 22:29 | Queue | Bolas Rider |
| 22:29 | Queue | Bolas Rider |
| 22:43 | Build | Farm |
| 22:44 | Build | Farm |
| 22:45 | Queue | Villager (Male) |
| 22:46 | Queue | Villager (Male) |
| 22:46 | Queue | Villager (Male) |
| 22:46 | Queue | Villager (Male) |
| 22:49 | Build | House |
| 22:50 | Build | House |
| 23:22 | Queue | Bolas Rider |
| 23:22 | Queue | Bolas Rider |
| 23:23 | Queue | Bolas Rider |
| 23:24 | Queue | Villager (Male) |
| 23:24 | Queue | Villager (Male) |
| 23:29 | Build | House |
| 24:12 | Build | Farm |
| 24:12 | Build | Farm |
| 24:15 | Research | Hand Cart |
| 24:16 | Queue | Villager (Male) |
| 24:16 | Queue | Villager (Male) |
| 24:16 | Queue | Villager (Male) |
| 24:18 | Build | Farm |
| 24:20 | Build | Farm |
| 24:33 | Build | Farm |
| 25:18 | Queue | Bolas Rider |
| 25:18 | Queue | Bolas Rider |
| 25:18 | Queue | Bolas Rider |
| 25:19 | Queue | Bolas Rider |
Build order — AgentP_97
First 150 of 323 actions detected
| 0:01 | Queue | Villager (Male) ×4 |
| 0:02 | Build | House |
| 0:03 | Build | House |
| 1:15 | Queue | Villager (Male) |
| 1:15 | Queue | Villager (Male) |
| 2:03 | Queue | Villager (Male) |
| 2:03 | Queue | Villager (Male) |
| 2:05 | Queue | Villager (Male) |
| 2:18 | Build | Lumber Camp |
| 2:37 | Queue | Villager (Male) |
| 2:37 | Queue | Villager (Male) |
| 2:42 | Queue | Villager (Male) |
| 2:42 | Queue | Villager (Male) |
| 3:02 | Queue | Villager (Male) |
| 3:02 | Queue | Villager (Male) |
| 3:32 | Build | House |
| 3:41 | Queue | Villager (Male) |
| 4:10 | Queue | Villager (Male) |
| 4:20 | Queue | Villager (Male) |
| 4:31 | Queue | Villager (Male) |
| 5:09 | Research | Loom |
| 5:35 | Build | Mining Camp |
| 5:49 | Build | Palisade Wall |
| 5:51 | Build | Palisade Wall |
| 5:53 | Build | Palisade Wall |
| 6:13 | Research | Feudal Age |
| 7:08 | Build | Palisade Wall |
| 7:10 | Build | Palisade Wall |
| 7:12 | Build | Palisade Wall |
| 7:15 | Build | Palisade Wall |
| 7:16 | Build | Palisade Wall |
| 7:18 | Build | Palisade Wall |
| 7:21 | Queue | Villager (Male) |
| 7:32 | Queue | Villager (Male) |
| 8:02 | Queue | Villager (Male) |
| 8:06 | Build | Barracks |
| 8:14 | Build | House |
| 8:26 | Age | Feudal Age |
| 9:04 | Build | Archery Range |
| 9:09 | Queue | Villager (Male) |
| 9:34 | Build | Archery Range |
| 9:50 | Build | House |
| 10:01 | Queue | Villager (Male) |
| 10:02 | Queue | Archer |
| 10:08 | Queue | Villager (Male) |
| 10:21 | Build | House |
| 10:22 | Build | Palisade Wall |
| 10:23 | Build | Palisade Wall |
| 10:26 | Queue | Archer ×3 |
| 10:29 | Queue | Archer |
| 10:29 | Queue | Archer |
| 10:51 | Queue | Villager (Male) |
| 10:54 | Queue | Villager (Male) |
| 11:05 | Queue | Archer |
| 11:14 | Build | Blacksmith |
| 11:34 | Queue | Villager (Male) |
| 11:36 | Queue | Archer |
| 11:55 | Build | Mill |
| 12:16 | Queue | Archer |
| 12:16 | Queue | Archer |
| 12:21 | Build | House |
| 12:25 | Queue | Archer |
| 12:50 | Queue | Villager (Male) |
| 12:58 | Research | Fletching |
| 13:10 | Queue | Archer ×2 |
| 13:12 | Queue | Villager (Male) |
| 13:13 | Queue | Archer |
| 13:13 | Queue | Archer |
| 13:20 | Build | House |
| 13:47 | Queue | Villager (Male) |
| 13:47 | Queue | Villager (Male) |
| 13:51 | Build | Farm |
| 13:52 | Build | Farm |
| 13:56 | Queue | Archer ×2 |
| 14:08 | Queue | Villager (Male) |
| 14:08 | Queue | Villager (Male) |
| 14:12 | Queue | Archer |
| 14:48 | Queue | Villager (Male) |
| 14:51 | Queue | Archer ×3 |
| 14:53 | Queue | Villager (Male) |
| 14:54 | Build | House |
| 14:56 | Build | Farm |
| 14:57 | Build | Farm |
| 15:14 | Queue | Archer |
| 15:15 | Queue | Villager (Male) |
| 15:15 | Queue | Villager (Male) |
| 15:18 | Build | House |
| 15:29 | Queue | Archer |
| 15:29 | Queue | Archer |
| 15:33 | Queue | Villager (Male) |
| 15:58 | Queue | Villager (Male) |
| 16:02 | Build | Farm |
| 16:13 | Queue | Villager (Male) |
| 16:15 | Build | Farm |
| 16:18 | Queue | Villager (Male) |
| 16:48 | Build | House |
| 17:09 | Queue | Villager (Male) |
| 17:12 | Build | Market |
| 17:22 | Queue | Archer ×4 |
| 17:46 | Build | House |
| 17:46 | Build | House |
| 18:05 | Build | House |
| 18:06 | Build | House |
| 18:38 | Research | Castle Age |
| 18:38 | Research | Castle Age |
| 18:46 | Queue | Archer |
| 18:46 | Queue | Archer |
| 18:57 | Build | Lumber Camp |
| 19:03 | Build | House |
| 19:13 | Build | Farm |
| 19:23 | Research | Padded Archer Armor |
| 19:26 | Build | Farm |
| 20:02 | Build | House |
| 20:06 | Research | Gold Mining |
| 20:32 | Queue | Archer |
| 20:51 | Build | Archery Range |
| 21:18 | Age | Castle Age |
| 21:22 | Queue | Villager (Male) |
| 21:24 | Research | Bodkin Arrow |
| 21:28 | Research | Crossbowman (upgrade) |
| 21:28 | Queue | Villager (Male) |
| 21:36 | Queue | Archer ×5 |
| 21:55 | Queue | Villager (Male) |
| 22:10 | Queue | Villager (Male) |
| 22:20 | Build | University |
| 22:22 | Queue | Villager (Male) |
| 22:23 | Queue | Archer ×2 |
| 22:23 | Queue | Archer ×2 |
| 22:38 | Queue | Archer |
| 22:39 | Queue | Villager (Male) |
| 22:41 | Build | Farm |
| 22:58 | Build | House |
| 22:59 | Build | Palisade Wall |
| 23:03 | Build | House |
| 23:06 | Queue | Villager (Male) |
| 23:07 | Queue | Archer ×2 |
| 23:08 | Queue | Archer |
| 23:08 | Queue | Archer |
| 23:09 | Build | Palisade Wall |
| 23:23 | Queue | Archer ×2 |
| 23:40 | Queue | Villager (Male) |
| 23:47 | Build | House |
| 24:14 | Research | Ballistics |
| 24:16 | Queue | Villager (Male) |
| 24:19 | Build | Palisade Wall |
| 24:21 | Build | Lumber Camp |
| 24:24 | Queue | Archer |
| 24:24 | Queue | Archer |
| 24:25 | Queue | Archer |
| 24:29 | Queue | Villager (Male) |
Build order — Torpedo
First 150 of 610 actions detected
| 0:00 | Queue | Villager (Male) |
| 0:01 | Queue | Villager (Male) |
| 0:01 | Queue | Villager (Male) |
| 0:02 | Build | House |
| 0:03 | Build | House |
| 0:10 | Queue | Villager (Male) |
| 0:10 | Queue | Villager (Male) |
| 1:29 | Queue | Villager (Male) |
| 1:57 | Queue | Villager (Male) |
| 1:57 | Queue | Villager (Male) |
| 2:25 | Queue | Villager (Male) |
| 2:41 | Queue | Villager (Male) |
| 2:41 | Queue | Villager (Male) |
| 3:05 | Queue | Villager (Male) |
| 3:05 | Queue | Villager (Male) |
| 3:32 | Build | House |
| 3:35 | Queue | Villager (Male) |
| 4:00 | Queue | Villager (Male) |
| 4:01 | Queue | Villager (Male) |
| 4:07 | Queue | Villager (Male) |
| 4:09 | Queue | Villager (Male) |
| 4:31 | Build | Lumber Camp |
| 4:38 | Build | House |
| 4:53 | Queue | Villager (Male) |
| 4:53 | Queue | Villager (Male) |
| 5:28 | Build | Dock |
| 5:33 | Queue | Villager (Male) |
| 5:34 | Queue | Villager (Male) |
| 5:35 | Queue | Villager (Male) |
| 5:35 | Queue | Villager (Male) |
| 6:03 | Queue | Villager (Male) |
| 6:07 | Build | House |
| 6:13 | Queue | Fishing Ship |
| 6:16 | Queue | Villager (Male) |
| 6:17 | Queue | Villager (Male) |
| 6:22 | Build | House |
| 6:26 | Build | Palisade Wall |
| 6:28 | Build | Palisade Wall |
| 6:47 | Queue | Villager (Male) |
| 7:07 | Queue | Fishing Ship |
| 7:07 | Queue | Fishing Ship |
| 7:36 | Queue | Fishing Ship |
| 7:36 | Queue | Fishing Ship |
| 7:40 | Queue | Villager (Male) |
| 8:23 | Build | Mill |
| 8:37 | Research | Feudal Age |
| 8:38 | Queue | Villager (Male) |
| 8:52 | Queue | Villager (Male) |
| 8:53 | Queue | Fishing Ship |
| 8:53 | Queue | Fishing Ship |
| 9:20 | Build | Mining Camp |
| 9:59 | Build | House |
| 10:36 | Research | Loom |
| 10:56 | Age | Feudal Age |
| 10:57 | Build | Market |
| 11:22 | Build | Blacksmith |
| 11:58 | Build | House |
| 12:02 | Research | Castle Age |
| 12:19 | Build | Dock |
| 12:39 | Research | Double-Bit Axe |
| 12:49 | Queue | Unit 2626 |
| 12:52 | Queue | Villager (Male) |
| 12:52 | Queue | Villager (Male) |
| 13:06 | Build | House |
| 13:21 | Queue | Unit 2626 |
| 13:47 | Research | Scale Barding Armor |
| 13:48 | Queue | Galley |
| 13:50 | Research | Fletching |
| 13:53 | Queue | Villager (Male) |
| 14:06 | Queue | Galley |
| 14:07 | Queue | Galley |
| 14:51 | Age | Castle Age |
| 14:53 | Queue | Villager (Male) |
| 15:01 | Build | Town Center |
| 15:18 | Queue | Demolition Raft |
| 15:22 | Research | Bodkin Arrow |
| 15:26 | Queue | Villager (Male) |
| 15:30 | Queue | Unit 2626 |
| 15:30 | Queue | Unit 2626 |
| 15:33 | Queue | Unit 2626 |
| 15:33 | Queue | Unit 2626 |
| 16:01 | Queue | Villager (Male) |
| 16:01 | Queue | Villager (Male) |
| 16:25 | Research | War Galley (upgrade) |
| 16:27 | Queue | Unit 2626 |
| 16:27 | Queue | Unit 2626 |
| 16:30 | Queue | Villager (Male) |
| 16:32 | Queue | Villager (Male) |
| 16:38 | Research | Wheelbarrow |
| 16:39 | Research | Wheelbarrow |
| 16:47 | Queue | Unit 2626 |
| 17:13 | Build | Town Center |
| 17:13 | Queue | Villager (Male) |
| 17:24 | Queue | Villager (Male) |
| 17:25 | Queue | Villager (Male) |
| 17:27 | Queue | Unit 2626 |
| 17:30 | Build | House |
| 17:31 | Queue | Villager (Male) |
| 17:31 | Queue | Villager (Male) |
| 17:59 | Queue | Fishing Ship |
| 18:04 | Research | Horse Collar |
| 18:11 | Queue | Villager (Male) |
| 18:14 | Build | House |
| 18:24 | Queue | Villager (Male) |
| 18:40 | Build | Dock |
| 18:53 | Queue | Villager (Male) |
| 18:57 | Build | Farm |
| 19:05 | Queue | Villager (Male) |
| 19:08 | Build | Farm |
| 19:21 | Build | Farm |
| 19:26 | Build | Farm |
| 19:31 | Build | Farm |
| 19:32 | Queue | Villager (Male) |
| 19:33 | Build | Farm |
| 19:35 | Build | House |
| 19:46 | Queue | Villager (Male) |
| 19:46 | Queue | Villager (Male) |
| 19:57 | Queue | Villager (Male) |
| 19:59 | Build | Farm |
| 20:01 | Build | Farm |
| 20:01 | Queue | Villager (Male) |
| 20:04 | Build | Farm |
| 20:05 | Build | Farm |
| 20:13 | Queue | Unit 2626 |
| 20:23 | Queue | Villager (Male) |
| 20:26 | Build | Farm |
| 20:27 | Build | Farm |
| 20:30 | Build | Farm |
| 20:38 | Queue | Villager (Male) |
| 20:38 | Queue | Villager (Male) |
| 20:39 | Build | House |
| 20:59 | Research | Bow Saw |
| 20:59 | Research | Bow Saw |
| 21:01 | Build | Farm |
| 21:02 | Build | Farm |
| 21:02 | Build | Farm |
| 21:11 | Queue | Villager (Male) |
| 21:16 | Queue | Galley |
| 21:17 | Queue | Galley |
| 21:20 | Build | House |
| 21:24 | Queue | Villager (Male) |
| 21:25 | Queue | Villager (Male) |
| 21:28 | Queue | Villager (Male) |
| 21:32 | Queue | Villager (Male) |
| 21:35 | Build | Farm |
| 21:36 | Queue | Villager (Male) |
| 21:36 | Queue | Villager (Male) |
| 21:43 | Build | Barracks |
| 21:44 | Queue | Villager (Male) |
| 21:44 | Queue | Villager (Male) |
Build order — Valar
First 150 of 431 actions detected
| 0:01 | Queue | Villager (Male) |
| 0:01 | Queue | Villager (Male) |
| 0:01 | Queue | Villager (Male) |
| 0:02 | Queue | Villager (Male) |
| 0:03 | Build | House |
| 0:05 | Build | House |
| 1:16 | Queue | Villager (Male) |
| 1:40 | Queue | Villager (Male) |
| 2:25 | Queue | Villager (Male) |
| 2:41 | Queue | Villager (Male) |
| 2:41 | Queue | Villager (Male) |
| 2:43 | Build | Lumber Camp |
| 3:26 | Build | House |
| 3:34 | Queue | Villager (Male) |
| 3:39 | Queue | Villager (Male) |
| 3:39 | Queue | Villager (Male) |
| 4:19 | Queue | Villager (Male) |
| 4:31 | Queue | Villager (Male) |
| 5:03 | Build | Dock |
| 5:33 | Build | House |
| 5:53 | Queue | Villager (Male) |
| 6:08 | Queue | Fishing Ship |
| 6:18 | Queue | Villager (Male) |
| 6:38 | Queue | Fishing Ship |
| 6:42 | Queue | Villager (Male) |
| 6:51 | Build | House |
| 6:59 | Queue | Villager (Male) |
| 7:08 | Queue | Fishing Ship |
| 7:33 | Queue | Villager (Male) |
| 7:36 | Queue | Fishing Ship |
| 7:56 | Queue | Villager (Male) |
| 8:05 | Queue | Villager (Male) |
| 8:38 | Build | Mining Camp |
| 8:43 | Research | Feudal Age |
| 8:49 | Queue | Fishing Ship |
| 9:02 | Build | House |
| 9:47 | Build | Mill |
| 10:19 | Queue | Villager (Male) |
| 10:19 | Queue | Villager (Male) |
| 10:59 | Age | Feudal Age |
| 10:59 | Queue | Villager (Male) |
| 11:00 | Queue | Villager (Male) |
| 11:02 | Build | Blacksmith |
| 11:06 | Build | Market |
| 11:54 | Research | Castle Age |
| 12:03 | Research | Double-Bit Axe |
| 12:41 | Queue | Unit 2626 |
| 12:44 | Build | Dock |
| 12:48 | Build | Palisade Wall |
| 12:50 | Build | Palisade Wall |
| 13:02 | Build | House |
| 13:03 | Build | House |
| 13:04 | Build | House |
| 13:13 | Queue | Unit 2626 |
| 13:17 | Queue | Villager (Male) |
| 13:51 | Queue | Unit 2626 |
| 14:19 | Queue | Unit 2626 |
| 14:20 | Queue | Unit 2626 |
| 14:25 | Queue | Villager (Male) |
| 14:34 | Age | Castle Age |
| 14:38 | Queue | Villager (Male) |
| 14:47 | Build | Town Center |
| 14:50 | Queue | Villager (Male) |
| 15:03 | Queue | Villager (Male) |
| 15:08 | Research | War Galley (upgrade) |
| 15:17 | Queue | Villager (Male) |
| 15:20 | Queue | Unit 2626 |
| 15:26 | Queue | Villager (Male) |
| 15:35 | Queue | Villager (Male) |
| 15:38 | Queue | Unit 2626 |
| 15:49 | Queue | Villager (Male) |
| 15:58 | Research | Bow Saw |
| 16:00 | Queue | Villager (Male) |
| 16:20 | Queue | Villager (Male) |
| 16:27 | Queue | Unit 2626 |
| 16:28 | Queue | Unit 2626 |
| 16:34 | Queue | Villager (Male) |
| 16:38 | Queue | Villager (Male) |
| 16:55 | Build | Town Center |
| 16:58 | Queue | Villager (Male) |
| 17:15 | Research | Horse Collar |
| 17:25 | Queue | Unit 2626 |
| 17:25 | Queue | Unit 2626 |
| 17:35 | Queue | Villager (Male) |
| 17:49 | Queue | Galley |
| 17:50 | Queue | Galley |
| 17:53 | Build | House |
| 17:54 | Build | House |
| 17:54 | Build | House |
| 18:03 | Queue | Villager (Male) |
| 18:09 | Research | Wheelbarrow |
| 18:11 | Queue | Villager (Male) |
| 18:16 | Build | Farm |
| 18:32 | Queue | Villager (Male) |
| 18:34 | Build | Farm |
| 18:40 | Queue | Galley |
| 18:41 | Queue | Galley |
| 18:44 | Queue | Villager (Male) |
| 18:47 | Build | Farm |
| 18:51 | Build | Farm |
| 18:51 | Queue | Villager (Male) |
| 18:55 | Queue | Villager (Male) |
| 19:00 | Build | Farm |
| 19:03 | Build | Farm |
| 19:09 | Queue | Galley |
| 19:09 | Queue | Galley |
| 19:13 | Build | Farm |
| 19:16 | Queue | Villager (Male) |
| 19:23 | Queue | Villager (Male) |
| 19:29 | Queue | Galley |
| 19:30 | Queue | Villager (Male) |
| 19:39 | Build | House |
| 19:40 | Build | House |
| 19:41 | Build | House |
| 19:41 | Build | House |
| 19:42 | Build | House |
| 19:43 | Queue | Villager (Male) |
| 19:48 | Build | Farm |
| 19:55 | Queue | Galley |
| 19:59 | Research | Fletching |
| 20:10 | Queue | Galley |
| 20:13 | Build | Farm |
| 20:19 | Queue | Villager (Male) |
| 20:23 | Build | Farm |
| 20:27 | Queue | Galley |
| 20:29 | Queue | Villager (Male) |
| 20:44 | Research | Bodkin Arrow |
| 20:48 | Queue | Galley |
| 20:53 | Build | Farm |
| 20:57 | Queue | Villager (Male) |
| 21:12 | Build | Farm |
| 21:13 | Queue | Villager (Male) |
| 21:18 | Queue | Villager (Male) |
| 21:20 | Research | Loom |
| 21:21 | Queue | Villager (Male) |
| 21:26 | Build | Farm |
| 21:30 | Queue | Villager (Male) |
| 21:34 | Queue | Galley |
| 21:35 | Queue | Villager (Male) |
| 21:50 | Queue | Villager (Male) |
| 21:53 | Build | Farm |
| 21:54 | Build | Farm |
| 21:55 | Build | Farm |
| 21:59 | Queue | Villager (Male) |
| 22:05 | Research | Heavy Plow |
| 22:05 | Queue | Villager (Male) |
| 22:10 | Queue | Villager (Male) |
| 22:14 | Build | Lumber Camp |
| 22:23 | Queue | Villager (Male) |
| 22:27 | Build | Farm |
Build order — DaKrankVieh
First 150 of 379 actions detected
| 0:01 | Queue | Villager (Male) |
| 0:02 | Queue | Villager (Male) |
| 0:02 | Queue | Villager (Male) |
| 0:03 | Build | House |
| 0:04 | Build | House |
| 0:27 | Queue | Villager (Male) |
| 0:27 | Queue | Villager (Male) |
| 1:31 | Queue | Villager (Male) |
| 1:31 | Queue | Villager (Male) |
| 2:11 | Queue | Villager (Male) |
| 2:11 | Queue | Villager (Male) |
| 2:18 | Queue | Villager (Male) |
| 2:18 | Queue | Villager (Male) |
| 2:47 | Queue | Villager (Male) |
| 3:12 | Build | Lumber Camp |
| 3:19 | Queue | Villager (Male) |
| 3:45 | Build | House |
| 3:54 | Queue | Villager (Male) |
| 4:11 | Queue | Villager (Male) |
| 4:11 | Queue | Villager (Male) |
| 4:24 | Queue | Villager (Male) |
| 4:52 | Queue | Villager (Male) |
| 5:06 | Queue | Villager (Male) |
| 5:07 | Queue | Villager (Male) |
| 5:27 | Queue | Villager (Male) |
| 5:44 | Build | Mill |
| 6:06 | Queue | Villager (Male) |
| 6:24 | Build | House |
| 6:30 | Build | Palisade Gate |
| 7:10 | Queue | Villager (Male) |
| 7:27 | Research | Loom |
| 7:42 | Build | House |
| 7:45 | Build | Palisade Wall |
| 7:57 | Research | Feudal Age |
| 8:28 | Build | Barracks |
| 9:16 | Build | Palisade Wall |
| 9:20 | Build | House |
| 9:23 | Build | Palisade Wall |
| 9:48 | Build | Mining Camp |
| 10:23 | Age | Feudal Age |
| 10:28 | Queue | Villager (Male) |
| 10:46 | Build | Stable |
| 10:51 | Queue | Villager (Male) |
| 10:51 | Queue | Villager (Male) |
| 10:52 | Queue | Villager (Male) |
| 11:11 | Research | Double-Bit Axe |
| 11:11 | Research | Double-Bit Axe |
| 11:21 | Queue | Scout Cavalry |
| 11:21 | Queue | Scout Cavalry |
| 11:32 | Build | Farm |
| 11:35 | Build | Farm |
| 11:39 | Build | Farm |
| 11:46 | Build | Farm |
| 11:49 | Queue | Scout Cavalry |
| 12:14 | Build | Farm |
| 12:16 | Queue | Villager (Male) |
| 12:16 | Queue | Villager (Male) |
| 12:22 | Build | Blacksmith |
| 12:54 | Queue | Scout Cavalry |
| 12:59 | Queue | Villager (Male) |
| 13:01 | Research | Scale Barding Armor |
| 13:02 | Build | Farm |
| 13:03 | Build | Farm |
| 13:16 | Queue | Scout Cavalry |
| 13:24 | Build | Farm |
| 13:31 | Build | Stable |
| 13:38 | Build | Farm |
| 13:40 | Build | Farm |
| 13:42 | Build | Farm |
| 13:46 | Queue | Scout Cavalry |
| 13:55 | Queue | Villager (Male) |
| 14:43 | Build | House |
| 15:00 | Queue | Villager (Male) |
| 15:03 | Queue | Villager (Male) |
| 15:03 | Queue | Villager (Male) |
| 15:20 | Queue | Villager (Male) |
| 15:31 | Build | Palisade Wall |
| 15:37 | Build | Farm |
| 15:39 | Build | Farm |
| 15:42 | Build | Farm |
| 15:42 | Build | Farm |
| 15:44 | Build | Farm |
| 15:51 | Queue | Villager (Male) |
| 15:55 | Queue | Scout Cavalry |
| 16:25 | Queue | Scout Cavalry |
| 16:26 | Queue | Villager (Male) |
| 16:28 | Build | Farm |
| 16:37 | Build | Farm |
| 16:39 | Build | Farm |
| 16:49 | Queue | Scout Cavalry |
| 16:58 | Build | House |
| 16:59 | Build | House |
| 17:01 | Build | House |
| 17:06 | Queue | Scout Cavalry |
| 17:19 | Queue | Villager (Male) |
| 17:19 | Queue | Villager (Male) |
| 17:21 | Build | Farm |
| 17:22 | Build | Farm |
| 17:50 | Queue | Villager (Male) |
| 17:50 | Queue | Villager (Male) |
| 17:58 | Queue | Scout Cavalry |
| 17:58 | Queue | Scout Cavalry |
| 18:03 | Build | House |
| 18:38 | Queue | Scout Cavalry |
| 18:39 | Queue | Scout Cavalry |
| 18:39 | Research | Bloodlines |
| 19:06 | Queue | Villager (Male) |
| 19:07 | Queue | Villager (Male) |
| 19:19 | Queue | Scout Cavalry |
| 19:46 | Queue | Scout Cavalry |
| 19:47 | Queue | Scout Cavalry |
| 19:54 | Queue | Scout Cavalry |
| 19:54 | Queue | Scout Cavalry |
| 20:13 | Queue | Villager (Male) |
| 20:13 | Queue | Villager (Male) |
| 20:21 | Build | Farm |
| 20:40 | Build | Palisade Wall |
| 20:47 | Build | Palisade Gate |
| 20:51 | Queue | Scout Cavalry |
| 20:51 | Queue | Scout Cavalry |
| 20:52 | Queue | Villager (Male) |
| 20:54 | Build | Farm |
| 21:25 | Queue | Villager (Male) |
| 21:30 | Build | Farm |
| 21:47 | Build | Farm |
| 21:52 | Build | Farm |
| 21:54 | Queue | Villager (Male) |
| 21:55 | Queue | Villager (Male) |
| 22:14 | Build | House |
| 22:20 | Build | Farm |
| 22:21 | Build | Farm |
| 22:21 | Build | Farm |
| 22:21 | Build | Farm |
| 22:21 | Build | Farm |
| 22:22 | Build | Farm |
| 22:25 | Research | Horse Collar |
| 22:45 | Build | Farm |
| 22:55 | Queue | Villager (Male) |
| 22:58 | Build | Farm |
| 23:06 | Build | Farm |
| 23:20 | Research | Castle Age |
| 23:38 | Build | Palisade Gate |
| 23:51 | Build | Stable |
| 23:55 | Research | Gold Mining |
| 24:08 | Build | House |
| 24:10 | Build | House |
| 24:17 | Build | Palisade Wall |
| 24:18 | Build | Palisade Wall |
| 24:20 | Build | Palisade Wall |
| 24:25 | Build | Palisade Gate |
Build order — Hades
First 150 of 458 actions detected
| 0:00 | Queue | Villager (Male) |
| 0:01 | Queue | Villager (Male) |
| 0:02 | Build | House |
| 0:03 | Build | House |
| 0:17 | Queue | Villager (Male) |
| 0:22 | Queue | Villager (Male) |
| 1:35 | Queue | Villager (Male) |
| 1:58 | Build | Lumber Camp |
| 1:58 | Queue | Villager (Male) |
| 1:59 | Queue | Villager (Male) |
| 2:22 | Queue | Villager (Male) |
| 2:47 | Queue | Villager (Male) |
| 3:05 | Queue | Villager (Male) |
| 3:29 | Build | House |
| 3:32 | Queue | Villager (Male) |
| 4:00 | Build | Mill |
| 4:03 | Queue | Villager (Male) |
| 4:31 | Queue | Villager (Male) |
| 4:47 | Queue | Villager (Male) |
| 5:07 | Queue | Villager (Male) |
| 5:21 | Build | House |
| 5:44 | Queue | Villager (Male) |
| 6:09 | Queue | Villager (Male) |
| 6:34 | Research | Loom |
| 7:10 | Research | Feudal Age |
| 7:10 | Research | Feudal Age |
| 7:46 | Build | Barracks |
| 8:07 | Queue | Villager (Male) |
| 9:20 | Age | Feudal Age |
| 9:22 | Build | Stable |
| 9:25 | Research | Double-Bit Axe |
| 9:25 | Research | Double-Bit Axe |
| 9:33 | Queue | Villager (Male) |
| 9:50 | Build | House |
| 10:07 | Queue | Villager (Male) |
| 10:08 | Queue | Scout Cavalry |
| 10:20 | Build | House |
| 10:22 | Queue | Villager (Male) |
| 10:25 | Research | Horse Collar |
| 10:27 | Queue | Scout Cavalry |
| 10:41 | Queue | Villager (Male) |
| 10:45 | Build | House |
| 10:47 | Queue | Villager (Male) |
| 10:48 | Queue | Scout Cavalry |
| 11:16 | Queue | Scout Cavalry |
| 11:23 | Queue | Scout Cavalry |
| 11:28 | Queue | Scout Cavalry |
| 11:41 | Queue | Scout Cavalry |
| 11:44 | Build | Farm |
| 11:44 | Build | Farm |
| 11:44 | Queue | Villager (Male) |
| 11:49 | Build | Farm |
| 11:50 | Build | Farm |
| 11:50 | Build | Farm |
| 11:50 | Build | Farm |
| 11:57 | Build | House |
| 12:04 | Queue | Villager (Male) |
| 12:23 | Build | Farm |
| 12:36 | Queue | Scout Cavalry |
| 12:56 | Build | House |
| 12:56 | Queue | Villager (Male) |
| 12:58 | Build | Blacksmith |
| 13:04 | Build | Farm |
| 13:18 | Queue | Scout Cavalry |
| 13:23 | Queue | Villager (Male) |
| 13:29 | Build | Farm |
| 13:36 | Build | Farm |
| 13:49 | Queue | Villager (Male) |
| 13:51 | Build | Farm |
| 13:53 | Build | Farm |
| 13:53 | Queue | Villager (Male) |
| 14:01 | Queue | Villager (Male) |
| 14:05 | Build | House |
| 14:21 | Build | Farm |
| 14:23 | Build | Farm |
| 14:36 | Queue | Scout Cavalry |
| 14:45 | Build | House |
| 14:48 | Build | Farm |
| 14:49 | Queue | Villager (Male) |
| 15:04 | Queue | Scout Cavalry |
| 15:06 | Queue | Villager (Male) |
| 15:09 | Build | Farm |
| 15:15 | Build | Mining Camp |
| 15:20 | Queue | Scout Cavalry |
| 15:24 | Build | House |
| 15:25 | Queue | Villager (Male) |
| 16:09 | Queue | Villager (Male) |
| 16:10 | Research | Wheelbarrow |
| 16:11 | Queue | Villager (Male) |
| 16:25 | Build | Stable |
| 16:25 | Queue | Villager (Male) |
| 17:21 | Research | Scale Barding Armor |
| 17:23 | Build | House |
| 17:28 | Queue | Villager (Male) |
| 17:34 | Build | Farm |
| 17:35 | Build | Farm |
| 17:35 | Build | Farm |
| 17:36 | Build | Farm |
| 18:05 | Build | House |
| 18:21 | Build | Farm |
| 18:38 | Build | House |
| 18:41 | Build | Farm |
| 18:42 | Build | Farm |
| 18:44 | Build | Farm |
| 18:47 | Build | Farm |
| 18:56 | Queue | Villager (Male) |
| 19:27 | Research | Castle Age |
| 19:59 | Research | Gold Mining |
| 20:04 | Build | Lumber Camp |
| 20:13 | Research | Bloodlines |
| 20:30 | Research | Forging |
| 21:38 | Queue | Villager (Male) |
| 22:09 | Age | Castle Age |
| 22:10 | Queue | Camel Scout |
| 22:11 | Queue | Camel Scout |
| 22:11 | Research | Husbandry |
| 22:12 | Research | Chain Barding Armor |
| 22:12 | Research | Chain Barding Armor |
| 22:13 | Research | Iron Casting |
| 22:14 | Queue | Villager (Male) |
| 22:24 | Build | Town Center |
| 22:27 | Research | Bow Saw |
| 22:27 | Research | Bow Saw |
| 22:35 | Build | Town Center |
| 22:41 | Queue | Camel Scout |
| 22:52 | Queue | Camel Scout |
| 22:57 | Queue | Camel Scout |
| 23:08 | Queue | Camel Scout |
| 23:11 | Queue | Camel Scout |
| 23:43 | Queue | Camel Scout |
| 23:43 | Queue | Camel Scout |
| 23:56 | Queue | Villager (Male) |
| 23:57 | Queue | Villager (Male) |
| 23:59 | Queue | Villager (Male) |
| 24:02 | Queue | Villager (Male) |
| 24:11 | Queue | Camel Scout |
| 24:11 | Queue | Camel Scout |
| 24:12 | Queue | Villager (Male) |
| 24:18 | Build | Stable |
| 24:20 | Queue | Villager (Male) |
| 24:29 | Queue | Knight |
| 24:29 | Queue | Camel Scout |
| 24:31 | Queue | Camel Scout |
| 24:32 | Queue | Camel Scout |
| 24:35 | Queue | Villager (Male) |
| 24:39 | Queue | Villager (Male) |
| 24:40 | Queue | Villager (Male) |
| 24:47 | Queue | Villager (Male) |
| 24:53 | Queue | Camel Scout |
| 24:56 | Queue | Villager (Male) |
Build order — holagame
First 150 of 179 actions detected
| 0:02 | Queue | Villager (Male) |
| 0:05 | Build | House |
| 0:07 | Queue | Villager (Male) |
| 0:12 | Build | Barracks |
| 0:17 | Queue | Villager (Male) |
| 0:17 | Queue | Villager (Male) |
| 1:27 | Queue | Villager (Male) |
| 2:06 | Queue | Villager (Male) |
| 2:29 | Queue | Villager (Male) |
| 2:46 | Queue | Unit 2550 |
| 2:52 | Queue | Villager (Male) |
| 2:52 | Queue | Villager (Male) |
| 3:10 | Queue | Villager (Male) |
| 3:22 | Research | Loom |
| 3:51 | Queue | Villager (Male) |
| 3:52 | Queue | Villager (Male) |
| 4:05 | Build | House |
| 4:16 | Queue | Unit 2550 |
| 4:30 | Build | House |
| 4:40 | Queue | Villager (Male) |
| 5:01 | Queue | Villager (Male) |
| 5:29 | Queue | Villager (Male) |
| 6:04 | Queue | Villager (Male) |
| 6:28 | Build | Settlement |
| 6:33 | Queue | Villager (Male) |
| 6:49 | Queue | Villager (Male) |
| 7:15 | Queue | Villager (Male) |
| 7:38 | Queue | Villager (Male) |
| 8:02 | Queue | Villager (Male) |
| 8:23 | Build | Settlement |
| 8:29 | Queue | Villager (Male) |
| 9:34 | Research | Feudal Age |
| 9:46 | Build | Settlement |
| 11:10 | Queue | Unit 2550 |
| 11:11 | Queue | Villager (Male) |
| 11:11 | Queue | Villager (Male) |
| 11:13 | Build | Farm |
| 11:14 | Build | Farm |
| 11:37 | Queue | Unit 2550 |
| 11:37 | Queue | Unit 2550 |
| 11:37 | Queue | Unit 2550 |
| 11:44 | Age | Feudal Age |
| 11:51 | Build | Archery Range |
| 11:52 | Queue | Villager (Male) |
| 12:21 | Build | Watch Tower |
| 12:39 | Build | Archery Range |
| 12:48 | Queue | Unit 2550 |
| 12:48 | Queue | Unit 2550 |
| 12:52 | Queue | Villager (Male) |
| 13:20 | Queue | Villager (Male) |
| 13:24 | Queue | Skirmisher |
| 13:30 | Queue | Skirmisher |
| 13:39 | Queue | Skirmisher |
| 13:44 | Queue | Villager (Male) |
| 13:49 | Queue | Unit 2550 |
| 13:50 | Queue | Villager (Male) |
| 13:55 | Queue | Villager (Male) |
| 14:18 | Queue | Skirmisher |
| 14:42 | Queue | Skirmisher |
| 14:44 | Queue | Spearman |
| 15:05 | Queue | Villager (Male) |
| 15:10 | Queue | Villager (Male) |
| 16:02 | Queue | Skirmisher |
| 16:06 | Build | Farm |
| 16:07 | Build | Farm |
| 16:08 | Build | Farm |
| 16:47 | Build | Farm |
| 16:58 | Queue | Spearman |
| 17:06 | Build | Farm |
| 17:30 | Queue | Villager (Male) |
| 17:53 | Queue | Villager (Male) |
| 17:53 | Queue | Villager (Male) |
| 18:16 | Queue | Villager (Male) |
| 18:29 | Build | Palisade Wall |
| 18:34 | Queue | Villager (Male) |
| 18:57 | Queue | Villager (Male) |
| 18:57 | Queue | Villager (Male) |
| 19:10 | Queue | Villager (Male) |
| 19:15 | Build | House |
| 19:21 | Build | Farm |
| 19:37 | Queue | Villager (Male) |
| 19:42 | Build | Blacksmith |
| 20:02 | Build | House |
| 20:03 | Build | Palisade Wall |
| 20:18 | Queue | Villager (Male) |
| 20:20 | Build | Farm |
| 20:30 | Build | Palisade Wall |
| 20:34 | Research | Fletching |
| 20:37 | Build | Farm |
| 20:37 | Build | Farm |
| 20:50 | Queue | Skirmisher |
| 20:53 | Queue | Archer |
| 20:54 | Queue | Archer |
| 20:54 | Queue | Archer |
| 20:54 | Queue | Archer |
| 21:03 | Queue | Villager (Male) |
| 21:07 | Build | Farm |
| 21:26 | Queue | Villager (Male) |
| 21:37 | Build | Archery Range |
| 21:49 | Queue | Villager (Male) |
| 21:56 | Build | Farm |
| 22:02 | Build | Farm |
| 22:08 | Queue | Archer ×2 |
| 22:09 | Queue | Archer |
| 22:21 | Queue | Villager (Male) |
| 22:26 | Build | Farm |
| 22:30 | Queue | Skirmisher |
| 22:36 | Queue | Archer |
| 22:37 | Queue | Villager (Male) |
| 22:51 | Queue | Villager (Male) |
| 22:52 | Build | Farm |
| 23:20 | Research | Horse Collar |
| 23:20 | Research | Horse Collar |
| 23:25 | Build | Farm |
| 23:26 | Queue | Villager (Male) |
| 23:50 | Build | Market |
| 23:56 | Build | House |
| 24:03 | Build | Stone Wall |
| 24:12 | Build | Stone Wall |
| 24:18 | Queue | Archer ×5 |
| 24:41 | Research | Castle Age |
| 24:42 | Research | Castle Age |
| 24:53 | Queue | Villager (Male) |
| 25:08 | Research | Padded Archer Armor |
| 25:22 | Build | Market |
| 25:37 | Queue | Archer ×3 |
| 25:37 | Queue | Archer ×3 |
| 26:38 | Research | Wheelbarrow |
| 26:42 | Research | Double-Bit Axe |
| 26:42 | Research | Double-Bit Axe |
| 27:21 | Age | Castle Age |
| 27:24 | Research | Crossbowman (upgrade) |
| 27:48 | Queue | Villager (Male) |
| 27:58 | Research | Bodkin Arrow |
| 27:58 | Research | Bodkin Arrow |
| 28:03 | Queue | Villager (Male) |
| 28:39 | Queue | Villager (Male) |
| 28:41 | Queue | Villager (Male) |
| 28:41 | Queue | Villager (Male) |
| 28:42 | Queue | Villager (Male) |
| 29:08 | Queue | Villager (Male) |
| 29:42 | Queue | Villager (Male) |
| 29:57 | Build | Stone Wall |
| 30:00 | Queue | Villager (Male) |
| 30:01 | Queue | Villager (Male) |
| 30:01 | Queue | Villager (Male) |
| 30:08 | Queue | Villager (Male) |
| 30:22 | Queue | Villager (Male) |
| 30:39 | Queue | Villager (Male) |
| 30:58 | Queue | Villager (Male) |
Build order — MrWrong
First 150 of 502 actions detected
| 0:01 | Queue | Villager (Male) |
| 0:02 | Queue | Villager (Male) |
| 0:02 | Queue | Villager (Male) |
| 0:02 | Queue | Villager (Male) |
| 0:06 | Build | House |
| 0:07 | Build | House |
| 1:32 | Queue | Villager (Male) |
| 2:00 | Queue | Villager (Male) |
| 2:09 | Queue | Villager (Male) |
| 2:46 | Queue | Villager (Male) |
| 2:49 | Queue | Villager (Male) |
| 3:19 | Queue | Villager (Male) |
| 3:26 | Queue | Villager (Male) |
| 3:27 | Queue | Villager (Male) |
| 3:31 | Build | Lumber Camp |
| 3:44 | Research | Loom |
| 3:44 | Queue | Villager (Male) |
| 3:51 | Build | House |
| 4:03 | Queue | Villager (Male) |
| 4:32 | Build | Palisade Wall |
| 4:35 | Build | Palisade Wall |
| 4:36 | Build | Palisade Wall |
| 4:38 | Build | Palisade Wall |
| 4:41 | Build | Palisade Wall |
| 4:42 | Build | Palisade Wall |
| 4:56 | Build | Palisade Wall |
| 5:05 | Build | Palisade Wall |
| 5:08 | Build | Palisade Wall |
| 5:12 | Build | Palisade Wall |
| 5:13 | Queue | Villager (Male) |
| 5:26 | Queue | Villager (Male) |
| 5:48 | Queue | Villager (Male) |
| 5:59 | Queue | Villager (Male) |
| 6:31 | Queue | Villager (Male) |
| 6:57 | Build | Mill |
| 6:58 | Queue | Villager (Male) |
| 7:04 | Queue | Villager (Male) |
| 7:09 | Build | House |
| 7:42 | Research | Feudal Age |
| 7:42 | Research | Feudal Age |
| 7:47 | Build | Palisade Wall |
| 7:49 | Build | Palisade Wall |
| 8:32 | Build | Barracks |
| 8:37 | Queue | Villager (Male) |
| 9:17 | Queue | Villager (Male) |
| 9:34 | Queue | Villager (Male) |
| 9:39 | Build | House |
| 9:52 | Age | Feudal Age |
| 9:57 | Research | Double-Bit Axe |
| 10:03 | Queue | Villager (Male) |
| 10:11 | Build | Stable |
| 10:20 | Queue | Villager (Male) |
| 10:35 | Queue | Villager (Male) |
| 10:48 | Build | Watch Tower |
| 10:53 | Queue | Scout Cavalry |
| 10:53 | Queue | Scout Cavalry |
| 11:04 | Queue | Villager (Male) |
| 11:06 | Build | House |
| 11:13 | Build | Farm |
| 11:14 | Build | Farm |
| 11:32 | Queue | Villager (Male) |
| 11:34 | Build | Farm |
| 11:39 | Build | House |
| 12:02 | Queue | Scout Cavalry |
| 12:03 | Queue | Scout Cavalry |
| 12:04 | Queue | Villager (Male) |
| 12:20 | Queue | Scout Cavalry |
| 12:33 | Build | Farm |
| 12:44 | Queue | Villager (Male) |
| 12:46 | Build | Farm |
| 12:48 | Build | Farm |
| 12:52 | Queue | Villager (Male) |
| 12:58 | Build | House |
| 12:59 | Build | House |
| 13:12 | Build | Mining Camp |
| 13:15 | Queue | Scout Cavalry |
| 13:34 | Queue | Villager (Male) |
| 13:37 | Build | Farm |
| 13:59 | Queue | Scout Cavalry |
| 14:02 | Build | House |
| 14:10 | Queue | Scout Cavalry |
| 14:16 | Queue | Villager (Male) |
| 14:20 | Research | Horse Collar |
| 14:51 | Queue | Villager (Male) |
| 15:06 | Research | Bloodlines |
| 15:11 | Build | Blacksmith |
| 15:17 | Queue | Scout Cavalry |
| 15:19 | Queue | Villager (Male) |
| 15:22 | Build | Farm |
| 15:36 | Queue | Villager (Male) |
| 15:39 | Build | House |
| 15:48 | Research | Wheelbarrow |
| 16:14 | Build | Farm |
| 16:17 | Build | Farm |
| 16:23 | Research | Forging |
| 16:41 | Queue | Villager (Male) |
| 16:51 | Queue | Villager (Male) |
| 16:55 | Queue | Villager (Male) |
| 17:11 | Research | Scale Barding Armor |
| 17:28 | Queue | Villager (Male) |
| 17:31 | Build | Farm |
| 17:32 | Build | Farm |
| 17:33 | Build | Farm |
| 17:34 | Build | Farm |
| 17:43 | Build | House |
| 17:44 | Build | House |
| 17:58 | Queue | Villager (Male) |
| 18:03 | Build | Mining Camp |
| 18:21 | Queue | Villager (Male) |
| 18:31 | Queue | Villager (Male) |
| 18:44 | Queue | Villager (Male) |
| 18:47 | Build | Market |
| 18:59 | Queue | Villager (Male) |
| 19:10 | Queue | Villager (Male) |
| 19:30 | Queue | Scout Cavalry |
| 19:45 | Queue | Villager (Male) |
| 20:01 | Research | Castle Age |
| 20:05 | Build | House |
| 20:36 | Build | Stable |
| 20:50 | Build | Lumber Camp |
| 20:54 | Research | Stone Mining |
| 20:55 | Research | Gold Mining |
| 21:43 | Queue | Scout Cavalry |
| 21:49 | Queue | Scout Cavalry |
| 22:07 | Queue | Villager (Male) |
| 22:18 | Build | Stable |
| 22:40 | Queue | Scout Cavalry |
| 22:50 | Age | Castle Age |
| 22:52 | Queue | Unit 1944 |
| 22:53 | Queue | Unit 1944 |
| 22:54 | Queue | Unit 1944 |
| 22:55 | Queue | Villager (Male) |
| 23:02 | Research | Light Cavalry (upgrade) |
| 23:20 | Research | Bow Saw |
| 23:21 | Queue | Villager (Male) |
| 23:33 | Build | Town Center |
| 23:40 | Queue | Villager (Male) |
| 23:58 | Queue | Villager (Male) |
| 24:01 | Build | Castle |
| 24:07 | Queue | Unit 1944 |
| 24:07 | Queue | Unit 1944 |
| 24:19 | Build | Farm |
| 24:30 | Queue | Unit 1944 |
| 24:35 | Queue | Villager (Male) |
| 24:42 | Build | Mill |
| 24:43 | Build | Farm |
| 24:44 | Build | Farm |
| 24:45 | Build | Farm |
| 24:47 | Build | Farm |
| 24:49 | Queue | Villager (Male) |
Match timeline
| 0:12 | holagame · first_building Barracks |
| 4:32 | MrWrong · wall_segment Palisade Wall x1 |
| 4:35 | MrWrong · wall_segment Palisade Wall x1 |
| 4:36 | MrWrong · wall_segment Palisade Wall x1 |
| 4:38 | MrWrong · wall_segment Palisade Wall x1 |
| 4:41 | MrWrong · wall_segment Palisade Wall x1 |
| 4:42 | MrWrong · wall_segment Palisade Wall x1 |
| 4:56 | MrWrong · wall_segment Palisade Wall x1 |
| 5:03 | Valar · first_building Dock |
| 5:05 | MrWrong · wall_segment Palisade Wall x1 |
| 5:08 | MrWrong · wall_segment Palisade Wall x1 |
| 5:12 | MrWrong · wall_segment Palisade Wall x1 |
| 5:28 | Torpedo · first_building Dock |
| 5:49 | AgentP_97 · wall_segment Palisade Wall x1 |
| 5:51 | AgentP_97 · wall_segment Palisade Wall x1 |
| 5:53 | AgentP_97 · wall_segment Palisade Wall x1 |
| 6:09 | Zzzzzz · first_building Dock |
| 6:26 | Torpedo · wall_segment Palisade Wall x3 |
| 6:28 | Torpedo · wall_segment Palisade Wall x3 |
| 7:08 | AgentP_97 · wall_segment Palisade Wall x1 |
| 7:10 | AgentP_97 · wall_segment Palisade Wall x1 |
| 7:12 | AgentP_97 · wall_segment Palisade Wall x1 |
| 7:15 | AgentP_97 · wall_segment Palisade Wall x1 |
| 7:16 | AgentP_97 · wall_segment Palisade Wall x1 |
| 7:18 | AgentP_97 · wall_segment Palisade Wall x1 |
| 7:45 | DaKrankVieh · wall_segment Palisade Wall x1 |
| 7:46 | Hades · first_building Barracks |
| 7:47 | MrWrong · wall_segment Palisade Wall x1 |
| 7:49 | MrWrong · wall_segment Palisade Wall x1 |
| 8:06 | AgentP_97 · first_building Barracks |
| 8:26 | AgentP_97 · age_up feudal |
| 8:28 | DaKrankVieh · first_building Barracks |
| 8:32 | MrWrong · first_building Barracks |
| 9:04 | AgentP_97 · first_building Archery Range |
| 9:16 | DaKrankVieh · wall_segment Palisade Wall x7 |
| 9:20 | Hades · age_up feudal |
| 9:22 | Hades · first_building Stable |
| 9:23 | DaKrankVieh · wall_segment Palisade Wall x4 |
| 9:52 | MrWrong · age_up feudal |
| 10:11 | MrWrong · first_building Stable |
| 10:22 | AgentP_97 · wall_segment Palisade Wall x1 |
| 10:23 | AgentP_97 · wall_segment Palisade Wall x1 |
| 10:23 | DaKrankVieh · age_up feudal |
| 10:31 | Zzzzzz · age_up feudal |
| 10:31 | Zzzzzz · first_building Barracks |
| 10:46 | DaKrankVieh · first_building Stable |
| 10:56 | Torpedo · age_up feudal |
| 10:59 | Valar · age_up feudal |
| 11:39 | Zzzzzz · first_building Archery Range |
| 11:44 | holagame · age_up feudal |
| 11:51 | holagame · first_building Archery Range |
| 12:01 | Torpedo · first_market_sell 100 food |
| 12:48 | Valar · wall_segment Palisade Wall x1 |
| 12:50 | Valar · wall_segment Palisade Wall x1 |
| 13:29 | Valar · first_market_sell 100 food |
| 13:30 | Valar · first_market_buy 100 wood |
| 14:34 | Valar · age_up castle |
| 14:51 | Torpedo · age_up castle |
| 15:01 | Zzzzzz · age_up castle |
| 15:02 | Zzzzzz · wall_segment Palisade Wall x9 |
| 15:31 | DaKrankVieh · wall_segment Palisade Wall x3 |
| 17:55 | AgentP_97 · first_market_sell 500 stone |
| 17:55 | AgentP_97 · first_market_buy 100 food |
| 18:29 | holagame · wall_segment Palisade Wall x14 |
| 19:53 | MrWrong · first_market_buy 100 food |
| 20:03 | holagame · wall_segment Palisade Wall x1 |
| 20:30 | holagame · wall_segment Palisade Wall x3 |
| 20:40 | DaKrankVieh · wall_segment Palisade Wall x11 |
| 21:18 | AgentP_97 · age_up castle |
| 21:43 | Torpedo · first_building Barracks |
| 22:09 | Hades · age_up castle |
| 22:50 | MrWrong · age_up castle |
| 22:59 | AgentP_97 · wall_segment Palisade Wall x10 |
| 23:09 | AgentP_97 · wall_segment Palisade Wall x3 |
| 23:15 | Torpedo · first_building Stable |
| 24:00 | Valar · first_building Barracks |
| 24:01 | MrWrong · first_building Castle |
| 24:03 | holagame · wall_segment Stone Wall x1 |
| 24:12 | holagame · wall_segment Stone Wall x8 |
| 24:17 | DaKrankVieh · wall_segment Palisade Wall x6 |
| 24:18 | DaKrankVieh · wall_segment Palisade Wall x1 |
| 24:19 | AgentP_97 · wall_segment Palisade Wall x1 |
| 24:20 | DaKrankVieh · wall_segment Palisade Wall x12 |
| 24:36 | holagame · first_market_buy 100 food |
| 25:15 | Valar · first_building Monastery |
| 25:43 | Valar · first_building Stable |
| 26:00 | DaKrankVieh · age_up castle |
| 27:21 | holagame · age_up castle |
| 29:17 | MrWrong · first_market_sell 100 wood |
| 29:48 | Hades · first_market_sell 100 wood |
| 29:50 | Hades · first_market_buy 100 stone |
| 29:57 | holagame · wall_segment Stone Wall x1 |
| 30:20 | Torpedo · first_building Monastery |
| 30:37 | Valar · age_up imperial |
| 30:49 | Zzzzzz · wall_segment Palisade Wall x1 |
| 32:49 | Zzzzzz · first_building Siege Workshop |
| 33:38 | DaKrankVieh · first_market_sell 500 wood |
| 33:50 | Torpedo · first_building Castle |
| 33:56 | Zzzzzz · first_building Monastery |
| 34:10 | AgentP_97 · first_building Monastery |
| 35:13 | Valar · first_building Castle |
| 36:19 | Zzzzzz · first_market_buy 100 stone |
| 36:24 | Zzzzzz · first_market_sell 100 wood |
| 36:30 | Zzzzzz · first_building Castle |
| 36:38 | Torpedo · first_market_buy 100 wood |
| 36:54 | AgentP_97 · first_building Castle |
| 37:11 | Torpedo · age_up imperial |
| 37:39 | Zzzzzz · age_up imperial |
| 39:19 | AgentP_97 · first_building Siege Workshop |
| 39:50 | AgentP_97 · age_up imperial |
| 39:59 | Hades · first_building Castle |
| 40:26 | MrWrong · age_up imperial |
| 41:26 | MrWrong · first_building Siege Workshop |
| 42:15 | DaKrankVieh · first_building Castle |
| 43:00 | Torpedo · first_building Archery Range |
| 43:28 | Torpedo · wall_segment Palisade Wall x1 |
| 43:31 | Torpedo · wall_segment Palisade Wall x1 |
| 43:51 | holagame · resign |
[ AI ANALYSIS · 1 CREDIT ]
What really happened in this match?
Wolo.gg analyzes every decision: build order, eco, micro, common mistakes by bracket. Personalized analysis on WhatsApp or Discord in 30 seconds.
Civ guide
Mapuche
Perfil
Jugador #280820